 Dungeon Crawl Stone Soup version 0.28.0-53-g5a82cb258f (webtiles) character file.

Game seed: 9682620837378154575

33667 DocClef the Warrior (level 13, -4/115 HPs)
             Began as a Demonspawn Gladiator on July 6, 2022.
             Was a High Priest of Okawaru.
             Slain by a sphinx (5 damage)
             ... summoned by Kirke
             ... in the Arena.
             The game lasted 00:21:05 (17450 turns).

DocClef the Warrior (Demonspawn Gladiator)         Turns: 17450, Time: 00:21:05

Health: -4/115     AC: 10    Str: 25    XL:     13   Next: 38%
Magic:  0/21       EV: 17    Int: 10    God:    Okawaru [*****.]
Gold:   1160       SH: 21    Dex: 24    Spells: 12/12 levels left

rFire   + . .      SeeInvis +   j - +7 mace of the Walnut {spect, rF+ Str+3 Dex+2}
rCold   . . .      Faith    .   A - +0 kite shield
rNeg    + . .      Spirit   +   k - +4 robe "Mogeoh" {Contam rPois Str-2 Dex+8}
rPois   +          Reflect  .   c - +0 helmet
rElec   .          Harm     .   Q - +2 cloak
rCorr   .          Rampage  .   (no gloves)
Will    .....                   (no boots)
Stlth   +++.......              y - amulet of the acrobat
HPRegen 0.29/turn               V - ring of Interdependent Arising {Wiz rN+ Str+4}
MPRegen 0.34/turn               I - ring of see invisible

@: heroic, finesse-ful, slowed, studying Fighting, duelling, very slow
A: large bone plates 3, foul stench 2, magic shield, magic regeneration
a: Renounce Religion, Heroism, Finesse, Duel


You were in the Arena.
You worshipped Okawaru.
Okawaru was extremely pleased with you.
You visited 3 branches of the dungeon, and saw 15 of its levels.

You collected 1160 gold pieces.

Inventory:

Hand Weapons
 j - the +7 mace of the Walnut (weapon) {spect, rF+ Str+3 Dex+2}
   (You found it on level 2 of the Dungeon)

   When its wielder attacks, the weapon's spirit leaps out and strikes again.
   The spirit shares a part of any damage it takes with its wielder.
   Str:       It affects your strength (+3).
   Dex:       It affects your dexterity (+2).
   rF:        It protects you from fire.
 E - a +4 spectral quick blade
Missiles
 d - 5 throwing nets (quivered)
Armour
 c - a +0 helmet (worn)
 k - the +4 robe "Mogeoh" (worn) {Contam rPois Str-2 Dex+8}
   (You found it on level 2 of the Dungeon)

   Str:       It affects your strength (-2).
   Dex:       It affects your dexterity (+8).
   rPois:     It protects you from poison.
   Contam:    It causes magical contamination when unequipped.
 m - a +3 plate armour of poison resistance
 A - a +0 kite shield (worn)
 O - the +0 hat of Heabinli {rElec}
   (You found it on level 10 of the Dungeon)

   rElec:     It insulates you from electricity.
 Q - a +2 cloak (worn)
Jewellery
 p - a ring of protection from fire
 y - an amulet of the acrobat (around neck)
 I - a ring of see invisible (right hand)
 P - a ring of willpower
 U - a ring of ice
 V - the ring of Interdependent Arising (left hand) {Wiz rN+ Str+4}
   (You found it on level 2 of the Lair of Beasts)

   [ring of wizardry]

   It improves your spell success rate.
   Str:       It affects your strength (+4).
   rN:        It protects you from negative energy.
 W - a ring of poison resistance
Wands
 a - a wand of iceblast (20)
 t - a wand of digging (6)
 D - a wand of acid (7)
 J - a wand of flame (47)
 T - a wand of polymorph (4)
Scrolls
 e - 4 scrolls of identify
 l - 8 scrolls of teleportation
 n - 8 scrolls of blinking
 x - a scroll of amnesia
 C - a scroll of enchant armour
 H - a scroll of torment
 M - a scroll of silence
Potions
 b - a potion of flight
 f - 2 potions of invisibility
 h - 7 potions of curing
 u - 2 potions of lignification
 z - 2 potions of haste
 B - 3 potions of might
 F - a potion of mutation
 G - a potion of ambrosia
 K - 3 potions of attraction
 N - 3 potions of magic
 Y - a potion of brilliance
 Z - a potion of berserk rage


   Skills:
 + Level 15.1(20.1) Fighting
 - Level 2.6(14.4) Axes
 - Level 13.8(19.0) Maces & Flails
 - Level 1.7(6.7) Throwing
 - Level 2.6(7.6) Dodging
 - Level 4.7(9.7) Shields
 - Level 11.0 Invocations


You had 12 spell levels left.
You didn't know any spells.
Your spell library contained the following spells:

 Spells                   Type           Power      Damage    Failure   Level
 Beastly Appendage        Tmut           0%         N/A       32%         1
 Magic Dart               Conj           0%         1d3       32%         1
 Slow                     Hex            0%         N/A       32%         1
 Ensorcelled Hibernation  Hex/Ice        0%         N/A       45%         2
 Passwall                 Tmut/Erth      0%         N/A       45%         2
 Scorch                   Fire           0%         2d5       45%         2
 Sublimation of Blood     Necr           0%         N/A       45%         2
 Wereblood                Tmut           0%         N/A       45%         2
 Confusing Touch          Hex            0%         N/A       67%         3
 Conjure Flame            Conj/Fire      0%         6-21      67%         3
 Ignite Poison            Fire/Tmut/Pois 0%         N/A       67%         3
 Mephitic Cloud           Conj/Pois/Air  0%         N/A       67%         3
 Ozocubu's Armour         Ice            0%         N/A       67%         3
 Spider Form              Tmut/Pois      0%         N/A       67%         3
 Swiftness                Air            0%         N/A       67%         3
 Vampiric Draining        Necr           0%         2d6       67%         3
 Flame Wave               Conj/Fire      0%         2d4       96%         4
 Petrify                  Tmut/Erth      0%         N/A       96%         4
 Sticky Flame             Conj/Fire      0%         2d3       96%         4
 Alistair's Intoxication  Tmut/Pois      0%         N/A       100%        5
 Borgnjor's Vile Clutch   Necr/Erth      0%         N/A       100%        5
 Irradiate                Conj/Tmut      0%         3d14      100%        5
 Yara's Violent Unravell  Hex/Tmut       0%         3d3       100%        5
 Eringya's Noxious Bog    Tmut/Pois      0%         N/A       100%        6
 Enfeeble                 Hex            0%         N/A       100%        7
 Ozocubu's Refrigeration  Ice            0%         4d5       100%        7
 Call Imp                 Summ           Unusable   N/A       N/A         2
 Summon Cactus Giant      Summ           Unusable   N/A       N/A         6

Dungeon Overview and Level Annotations

Branches:
Dungeon (10/15)            Temple (1/1) D:5            Lair (4/6) D:8
  Swamp (0/4) Lair:4       Spider (0/4) Lair:2          Orc (0/2) D:9

Altars:
Ashenzari
Cheibriados
Dithmenos
Elyvilon
Fedhas
Gozag
Hepliaklqana
Kikubaaqudgha
Makhleb
Nemelex Xobeh
Okawaru
Qazlal
Ru
Sif Muna
Trog
Uskayaw
Vehumet
Wu Jian
Xom
Yredelemnul
Zin
The Shining One

Shops:
D:8 [

Annotations:
D:7 2 transporters Arena Kirke


Innate Abilities, Weirdness & Mutations

You are completely covered in large bone plates. (SH +8)
You sometimes emit foul miasma when damaged in melee.
When hurt, damage is shared between your health and your magic reserves.
You regenerate magic rapidly.


Message History

You emit a cloud of foul miasma!
The sphinx hits you.
* * * LOW HITPOINT WARNING * * *
The sphinx closely misses you.
You are confused.
You feel invigorated.
You feel less porcine.
The +7 mace of the Walnut {spect, rF+ Str+3 Dex+2} unmelds from your body.
Your +2 cloak unmelds from your body.
Your +0 helmet unmelds from your body.
Your +0 kite shield unmelds from your body.
The +4 robe "Mogeoh" {Contam rPois Str-2 Dex+8} unmelds from your body.
The ring of Interdependent Arising {Wiz rN+ Str+4} unmelds from your body.
Your ring of see invisible unmelds from your body.
You feel a bond with the +7 mace of the Walnut {spect, rF+ Str+3 Dex+2}.
Reactivating autopickup.
The sphinx is engulfed in dark miasma.
The sphinx is poisoned.
The sphinx seems to slow down.
The sphinx misses you. The sphinx hits you but does no damage.
The sphinx hits you.
* * * LOW HITPOINT WARNING * * *
Kirke is engulfed in dark miasma.
Kirke looks even sicker.
Kirke seems to slow down.
Kirke wildly gestures.
Kirke shimmers violently.
Kirke hits you.
You're too confused to move!
You feel less invigorated.
You feel less confused.
The sphinx is engulfed in dark miasma.
The sphinx looks even sicker.
The sphinx mumbles some strange words.
You struggle to resist.
Kirke is engulfed in dark miasma.
Kirke looks as sick as possible!
Kirke seems to slow down.
Kirke hits you!
* * * LOW HITPOINT WARNING * * *
You gain the combat prowess of a mighty hero.
The sphinx is engulfed in dark miasma.
The sphinx looks even sicker.
The sphinx barely misses you. You block the sphinx's attack. x2
Kirke is engulfed in dark miasma.
Kirke looks as sick as possible!
You block Kirke's attack.
You can now deal lightning-fast blows.
The sphinx hits you!
* * * LOW HITPOINT WARNING * * *
You emit a cloud of foul miasma!
The sphinx hits you.
You die...

#########
#p▓@Hk▓p#
#.▓@8.▓p#
#▓▓...▓.#
#p▓...▓.#
#.▓...▓.#
#▓▓...▓.#
#∩▓.∩.▓▓#
#▓▓...▓p#
#p▓...▓p#


You could see Kirke (invisible, extremely poisoned, slow), a sphinx (summoned,
very poisoned, slow) and a lindwurm (summoned).

Vanquished Creatures
  Fannar (D:10)
  9 hydras
  A centaur warrior (D:10)
  A two-headed ogre (D:9)
  A death yak (Lair:2)
  Sonja (Lair:4)
  Pikel (D:5)
  A deep elf zephyrmancer (D:10)
  A deep elf pyromancer (D:10)
  6 black mambas
  5 centaur zombies
  11 cane toads
  An unseen horror (D:10)
  A rime drake (Lair:2)
  4 komodo dragons
  A troll (D:9)
  2 polar bears
  Prince Ribbit (D:6)
  A hornet (D:10)
  12 blink frogs
  The ghost of mortz the Magician, an amateur DjCj of Gozag (D:5)
  A shadow (D:9)
  3 wyverns
  A spriggan (Lair:4)
  A wraith (D:10)
  17 yaks
  2 basilisks (Lair:2)
  2 hogs (Lair:3)
  A redback (Lair:2)
  2 steam dragons
  Menkaure (D:7)
  18 water moccasins
  A swamp drake (D:10)
  A hornet zombie (D:9)
  4 sky beasts
  5 orc warriors
  An ice beast (D:5)
  5 black bears
  9 wolves (Lair:4)
  An ogre (D:6)
  The ghost of Sin92 the Skirmisher, an amateur DsFi (D:3)
  A necrophage (D:6)
  4 centaurs
  A lemure (D:5)
  5 phantoms
  15 bullfrogs
  3 gnoll sergeants
  5 scorpions
  A water moccasin zombie (D:6)
  A wyvern zombie (D:6)
  3 wights (D:7)
  5 electric eels
  3 bullfrog zombies (D:5)
  A crimson imp (D:10)
  4 orc priests
  2 hounds
  An iron imp (D:10)
  A jelly (D:6)
  A bullfrog skeleton (D:5)
  A centaur skeleton (D:7)
  3 gnoll shamans
  Crazy Yiuf (D:2)
  4 iguanas
  9 orc wizards
  A killer bee zombie (D:6)
  4 ogre zombies (D:9)
  2 hound zombies (D:5)
  A hound skeleton (D:5)
  4 howler monkey zombies
  27 gnolls
  10 adders
  3 shadow imps
  4 white imps
  3 ufetubi
  An adder skeleton (D:5)
  2 worms
  A dart slug (D:3)
  30 orcs
  7 ball pythons
  10 endoplasms
  4 giant cockroaches
  3 goblins
  4 hobgoblins
  7 jackals
  3 quokkas
  7 bats
  5 frilled lizards
  A goblin skeleton (D:9)
  3 hobgoblin skeletons (D:9)
  5 hobgoblin zombies (D:9)
  6 kobolds
  2 orc skeletons (D:9)
  7 orc zombies (D:9)
  6 rats
388 creatures vanquished.

Vanquished Creatures (others)
  Ijyb (D:3)
  An orc (D:10)
  A hobgoblin zombie (D:9)
  3 fungi
  26 plants
32 creatures vanquished.

Grand Total: 420 creatures vanquished

Notes
Turn   | Place    | Note
-------+----------+-------------------------------------------
     0 | D:1      | DocClef the Demonspawn Gladiator began the quest for the
                  | Orb.
     0 | D:1      | Reached XP level 1. HP: 16/16 MP: 1/1
   177 | D:1      | Gained mutation: You may rarely emit foul miasma when
                  | damaged in melee. [demonic ancestry]
   177 | D:1      | Reached XP level 2. HP: 12/23 MP: 2/2
   376 | D:1      | Reached skill level 3 in Fighting
   676 | D:1      | You fall into a shaft and drop 1 floor!
  1135 | D:2      | Reached XP level 3. HP: 28/29 MP: 3/3
  1247 | D:2      | Identified the +7 mace of the Walnut {spect, rF+ Str+3
                  | Dex+2}
  1249 | D:2      | Found a runed translucent door.
  1250 | D:2      | Noticed Crazy Yiuf
  1413 | D:2      | Reached skill level 1 in Maces & Flails
  1430 | D:2      | Identified the +4 robe "Mogeoh" {Contam rPois Str-2 Dex+8}
  1750 | D:2      | Killed Crazy Yiuf
  1751 | D:2      | Gained mutation: You are partially covered in large bone
                  | plates. (SH +4) [demonic ancestry]
  1751 | D:2      | Reached XP level 4. HP: 28/37 MP: 4/4
  1911 | D:3      | Gained mutation: You are mostly covered in large bone
                  | plates. (SH +6) [demonic ancestry]
  1911 | D:3      | Reached XP level 5. HP: 27/42 MP: 5/5
  2292 | D:3      | Found a runed translucent door.
  2292 | D:3      | Noticed Sin92's ghost (amateur DsFi)
  2412 | D:3      | Noticed Ijyb
  2415 | D:3      | Killed Ijyb
  2742 | D:3      | Killed Sin92's ghost
  2743 | D:3      | Reached XP level 6. HP: 30/48 MP: 6/6
  2911 | D:4      | Identified the +1 robe of the Tormentor {rPois rC- Regen+
                  | Dex+6}
  3037 | D:4      | Reached skill level 5 in Maces & Flails
  3870 | D:5      | Entered Level 5 of the Dungeon
  4140 | D:5      | Found a transporter.
  4183 | D:5      | Noticed a sky beast
  4191 | D:5      | Killed a sky beast
  4192 | D:5      | Gained mutation: You sometimes emit foul miasma when
                  | damaged in melee. [demonic ancestry]
  4192 | D:5      | Reached XP level 7. HP: 45/53 MP: 7/7
  4441 | D:5      | Gained mutation: You are completely covered in large bone
                  | plates. (SH +8) [demonic ancestry]
  4441 | D:5      | Reached XP level 8. HP: 60/60 MP: 8/8
  4805 | D:5      | Found a staircase to the Ecumenical Temple.
  4816 | Temple   | Entered the Ecumenical Temple
  4873 | Temple   | Became a worshipper of Warmaster Okawaru
  4907 | D:5      | Found a transporter.
  4909 | D:5      | Noticed mortz's ghost (amateur DjCj)
  5109 | D:5      | Noticed Pikel
  5123 | D:5      | Killed Pikel
  5123 | D:5      | Reached * piety under Okawaru
  5300 | D:5      | Identified the +0 buckler of Ennui {Harm}
  5344 | D:5      | Reached skill level 10 in Maces & Flails
  5461 | D:5      | Found an ancient bone altar of Kikubaaqudgha.
  5466 | D:5      | Found a stormy altar of Qazlal.
  5471 | D:5      | Found a hazy altar of Hepliaklqana.
  5474 | D:5      | Found a shadowy altar of Dithmenos.
  5476 | D:5      | Found a blossoming altar of Fedhas.
  5482 | D:5      | Found an opulent altar of Gozag.
  5660 | D:6      | Noticed Prince Ribbit
  5661 | D:6      | Found a burning altar of Makhleb.
  5661 | D:6      | Found a transporter.
  5673 | D:6      | Reached XP level 9. HP: 65/65 MP: 9/9
  5684 | D:6      | Killed Prince Ribbit
  5779 | D:6      | Reached ** piety under Okawaru
  5783 | D:6      | Found a sparkling altar of Nemelex Xobeh.
  6063 | D:6      | Found a transporter.
  6105 | D:6      | Identified the +10 rapier "Faleheci" {freeze, rF+ Will+
                  | Str+2}
  6504 | D:6      | Noticed a blizzard demon
  6508 | D:6      | Noticed a smoke demon
  6624 | D:7      | Noticed Menkaure
  6634 | D:7      | Killed Menkaure
  6634 | D:7      | Reached *** piety under Okawaru
  6716 | D:7      | Noticed a queen bee
  6735 | D:7      | Found a transporter.
  6740 | D:7      | Found a transporter.
  6780 | D:7      | Identified the +7 quarterstaff of Gallantry {holy, *Corrode
                  | rF+ rN+++ Str+2}
  6932 | D:7      | Reached XP level 10. HP: 71/71 MP: 10/10
  7371 | D:8      | Found Dycetex's Antique Armour Shoppe.
  7469 | D:8      | Received a gift from Okawaru
  7925 | D:8      | Found a sacrificial altar of Ru.
  8238 | D:8      | Found a staircase to the Lair.
  8436 | D:5      | Killed mortz's ghost
  8981 | D:9      | Reached skill level 4 in Fighting
  9289 | D:9      | Reached **** piety under Okawaru
  9290 | D:9      | Reached skill level 5 in Fighting
  9290 | D:9      | Found a staircase to the Orcish Mines.
  9375 | D:9      | Reached skill level 6 in Fighting
  9419 | D:9      | Noticed a two-headed ogre
  9427 | D:9      | Killed a two-headed ogre
  9428 | D:9      | Reached skill level 7 in Fighting
 10234 | D:10     | Entered Level 10 of the Dungeon
 10239 | D:10     | Noticed Fannar
 10254 | D:10     | Killed Fannar
 10255 | D:10     | Gained mutation: You regenerate magic rapidly. [demonic
                  | ancestry]
 10255 | D:10     | Reached XP level 11. HP: 85/85 MP: 11/11
 10384 | D:10     | Noticed a centaur warrior
 10390 | D:10     | Killed a centaur warrior
 10391 | D:10     | Reached skill level 8 in Fighting
 10501 | D:10     | Reached ***** piety under Okawaru
 10530 | D:10     | Found a bloodstained altar of Trog.
 10782 | D:10     | Reached skill level 9 in Fighting
 10816 | D:10     | Noticed a deep elf zephyrmancer
 10822 | D:10     | Killed a deep elf zephyrmancer
 10834 | D:10     | Noticed a deep elf pyromancer
 10836 | D:10     | Identified the +0 hat of Heabinli {rElec}
 10841 | D:10     | Killed a deep elf pyromancer
 10958 | D:10     | Reached skill level 10 in Fighting
 11043 | D:10     | Found a shimmering altar of Xom.
 11070 | D:10     | Found a shimmering altar of Xom.
 11070 | D:10     | Found a shimmering altar of Xom.
 11070 | D:10     | Found a shimmering altar of Xom.
 11428 | Lair:1   | Entered Level 1 of the Lair of Beasts
 11471 | Lair:1   | Noticed a six-headed hydra
 11489 | Lair:1   | Received a gift from Okawaru
 11490 | Lair:1   | Reached skill level 11 in Fighting
 11689 | Lair:2   | You fall into a shaft and drop 1 floor!
 11711 | Lair:3   | Noticed a six-headed hydra
 11720 | Lair:3   | Killed a six-headed hydra
 11934 | Lair:2   | Noticed a five-headed hydra
 11941 | Lair:2   | Killed a five-headed hydra
 11942 | Lair:2   | Reached skill level 12 in Fighting
 12311 | Lair:2   | Found a hole to the Spider Nest.
 12360 | Lair:2   | Gained mutation: When hurt, damage is shared between your
                  | health and your magic reserves. [demonic ancestry]
 12360 | Lair:2   | Reached XP level 12. HP: 103/103 MP: 12/12
 12747 | Lair:2   | Reached skill level 13 in Fighting
 13134 | Lair:2   | Reached skill level 1 in Invocations
 13249 | Lair:2   | Noticed a five-headed hydra
 13261 | Lair:2   | Killed a five-headed hydra
 13377 | Lair:2   | Noticed a four-headed hydra
 13386 | Lair:2   | Killed a four-headed hydra
 13387 | Lair:2   | Reached skill level 5 in Invocations
 13700 | Lair:2   | Identified the +6 arbalest "Edepus" {freeze, Fragile rF+
                  | Str+6 Stlth+}
 13702 | Lair:2   | Identified the ring of Interdependent Arising {Wiz rN+
                  | Str+4}
 13772 | Lair:2   | Noticed a seven-headed hydra
 13779 | Lair:2   | Killed a seven-headed hydra
 14035 | Lair:2   | Noticed a death yak
 14045 | Lair:2   | Killed a death yak
 14096 | Lair:2   | Reached ****** piety under Okawaru
 14544 | Lair:1   | Killed a six-headed hydra
 14544 | Lair:1   | Received a gift from Okawaru
 14545 | Lair:1   | Reached skill level 10 in Invocations
 14756 | Lair:1   | Noticed a four-headed hydra
 14769 | Lair:1   | Killed a four-headed hydra
 15325 | Lair:1   | Noticed a five-headed hydra
 15332 | Lair:1   | Killed a five-headed hydra
 15501 | Lair:1   | Reached skill level 14 in Fighting
 15501 | Lair:1   | Reached XP level 13. HP: 109/113 MP: 19/21
 15947 | Lair:3   | Reached skill level 1 in Shields
 16269 | Lair:3   | Received a gift from Okawaru
 16761 | Lair:4   | Received a gift from Okawaru
 16839 | Lair:4   | Identified a scroll of acquirement
 16840 | Lair:4   | Acquired a manual of Fighting
 17301 | Lair:4   | Noticed Sonja
 17306 | Lair:4   | Killed Sonja
 17367 | Lair:4   | Reached skill level 15 in Fighting
 17411 | Lair:4   | Noticed Kirke
 17431 | Arena    | Entered the Arena
 17441 | Arena    | Noticed a sphinx
 17450 | Arena    | HP: 1/115 [sphinx[Kirke] (13)]
 17450 | Arena    | Slain by a sphinx

Illustrated notes

Levels and vault maps discovered:
D:1:      ebering_trefoil_3fold, layout_basic
D:2:      layout_rooms, nicolae_figureground_pulse, uniq_crazy_yiuf_cottage
D:3:      layout_basic, hellmonk_ghost_happy_afterlife,
          chequers_serial_rivers_micro_b, uniq_ijyb
D:4:      layout_loops_corners, serial_rivers, chequers_serial_rivers_large_a,
          chequers_serial_rivers_small_b, chequers_serial_rivers_micro_b,
          chequers_serial_rivers_micro_e, chequers_serial_rivers_room_b
D:5:      minmay_thinvault, layout_basic, nicolae_overflow_hallway_of_the_gods,
          minmay_temple_entry_antechambers, gammafunk_ghost_mausoleum,
          uniq_pikel
D:6:      gammafunk_steamed_eel, layout_basic, nemelex_dance_club_becter,
          makhleb_altar_promises_db, uniq_prince_ribbit1
D:7:      layout_loops_ring, gammafunk_ghost_hive, uniq_menkaure
D:8:      layout_rooms, mainiacjoe_overflow_surrounded_room,
          grunt_lair_entry_orc_guard_hut, serial_shops,
          nicolae_shop_hallway_stairs, chequers_serial_rivers_micro_a
D:9:      layout_roguey, zombieorc1_lemuel
D:10:     layout_grid_maze, xom_redecorated, gammafunk_temple_overflow_elements,
          minivault_22, hangedman_minor_magic, uniq_fannar
Temple:   eino_wide_crystal_templ
Lair:1:   layout_hall_layers, beast_lair_carwin_2, serial_bayou_shore_a
Lair:2:   nzn_winding_woodlands_huge [nzn_winding_woodlands_5x15_concentric,
          nzn_winding_woodlands_5x15_twine, nzn_winding_woodlands_5x15_zeroes,
          nzn_winding_woodlands_5x15_sawtooth,
          nzn_winding_woodlands_5x15_jagged,
          nzn_winding_woodlands_5x15_lazy_stream,
          nzn_winding_woodlands_5x15_crooked,
          nzn_winding_woodlands_5x15_default, nzn_winding_woodlands_5x15_garden,
          nzn_winding_woodlands_5x15_river_crossing,
          nzn_winding_woodlands_center_lodge,
          nzn_winding_woodlands_center_triple_pond,
          nzn_winding_woodlands_15x15_eel_pit], layout_regular_city,
          spider_nest_entry_rubble, chequers_serial_rivers_large_b,
          chequers_serial_rivers_small_3
Lair:3:   layout_regular_city
Lair:4:   layout_gridlike, nicolae_swamp_entry_splash_gauntlet,
          grunt_forest_stairs_clearing, uniq_kirke, uniq_sonja
Arena

Skill      XL: |  1  2  3  4  5  6  7  8  9 10 11 12 13 |
---------------+----------------------------------------+-----
Fighting       | 3 7 12 14 15 | 15.1
Maces & Flails | 2 3 4 6 8 10 12 13 | 13.8
Invocations    | 11 | 11.0
Shields        | 4 |  4.7
Axes           | |  2.6
Throwing       | |  1.7
Dodging        | |  2.6

Action                   |  1- 3 |  4- 6 |  7- 9 | 10-12 | 13-15 || total
-------------------------+-------+-------+-------+-------+-------++-------
Melee: War axe           |    55 |       |       |       |       ||    55
       Mace              |    20 |    74 |   158 |   514 |    92 ||   858
       Punch             |       |       |     3 |       |       ||     3
       Unarmed           |       |       |       |       |     2 ||     2
Invok: Heroism           |       |       |       |     3 |     1 ||     4
       Finesse           |       |       |       |     1 |     1 ||     2
       Duel              |       |       |       |       |     1 ||     1
  Use: Scroll            |       |       |       |       |    28 ||    28
       Potion            |       |       |       |       |     4 ||     4
 Stab: Sleeping          |     1 |     8 |     5 |     5 |     2 ||    21
       Distracted        |       |     2 |     1 |    12 |     1 ||    16
Armor: Leather armour    |    26 |       |       |       |       ||    26
       Robe              |     3 |    16 |    25 |    86 |    16 ||   146
Dodge: Dodged            |    63 |    38 |    62 |   151 |    53 ||   367
Block: Other             |       |     9 |    30 |       |       ||    39
       Kite shield       |       |       |    20 |   377 |    95 ||   492
